 Dungeon Crawl Stone Soup version 0.29-a0-284-gf9362112df (webtiles) character file.

Game seed: 14312058765539580301

576925 cojito the Slayer (level 25, -3/243 HPs)
             Began as a Palentonga Berserker on Apr 1, 2022.
             Was the Champion of Trog.
             Slain by Tiamat
             ... wielding a +2 demon trident of venom
              (18 damage)
             ... on level 5 of the Realm of Zot.
             The game lasted 02:59:53 (68126 turns).

cojito the Slayer (Palentonga Berserker)           Turns: 68126, Time: 02:59:54

Health: -3/243     AC: 47    Str: 40    XL:     25   Next: 81%
Magic:  7/7        EV:  8    Int: 14    God:    Trog [******]
Gold:   5486       SH:  0    Dex: 11    Spells: 24/24 levels left

rFire   + . .      SeeInvis +   a - +9 executioner's axe (antimagic)
rCold   + + .      Faith    .   (shield currently unavailable)
rNeg    + + +      Spirit   .   s - +1 gold dragon scales
rPois   +          Reflect  .   H - +2 helmet
rElec   +          Harm     .   U - +2 cloak "Goduklul" {rPois Str+4 Slay+3 Stlth+}
rCorr   +          Rampage  .   O - +2 pair of gloves of Geg Zietin {rN+}
Will    ++++.                   d - +4 barding
Stlth   ..........              l - amulet of regeneration
HPRegen 2.30/turn               K - ring "Ososidu" {rElec rC+ rN++ Will+ Slay+4}
MPRegen 0.10/turn               q - ring "Sobam" {Contam rCorr Str+6 Int+5 Slay+3}

@: mighty, strong-willed, regenerating, studying Shields, curled up
A: large, rugged brown scales 3, see invisible, deformed body, roll 1, armoured
tail, reflexive curl, mutation resistance 1
}: 3/15 runes: barnacled, silver, gossamer
a: Rolling Charge, Renounce Religion, Berserk, Trog's Hand, Brothers in Arms


You were on level 5 of the Realm of Zot.
You worshipped Trog.
Trog was exalted by your worship.
You visited 9 branches of the dungeon, and saw 48 of its levels.
You also visited: Bailey, Gauntlet and Volcano.

You collected 7843 gold pieces.
You spent 2357 gold pieces at shops.

Inventory:

Hand Weapons
 a - a +9 antimagic executioner's axe (weapon)
 r - the +11 war axe "Istreevve" {venom, rElec rCorr}
   (You found it on level 7 of the Dungeon)

   It poisons the flesh of those it strikes.
   rElec:     It insulates you from electricity.
   rCorr:     It protects you from acid and corrosion.
Missiles
 t - 9 throwing nets
Armour
 c - a scarf of repulsion
 d - a +4 barding (worn)
 s - +1 gold dragon scales (worn)
 H - a +2 helmet (worn)
 O - the +2 pair of gloves of Geg Zietin (worn) {rN+}
   (You found it on level 10 of the Dungeon)

   rN:        It protects you from negative energy.
 U - the +2 cloak "Goduklul" (worn) {rPois Str+4 Slay+3 Stlth+}
   (You bought it in a shop on level 1 of the Orcish Mines)

   Str:       It affects your strength (+4).
   Slay:      It affects your accuracy & damage with ranged weapons and melee
   (+3).
   rPois:     It protects you from poison.
   Stlth:     It makes you more stealthy.
Jewellery
 e - a ring of protection from cold
 l - an amulet of regeneration (around neck)
 q - the ring "Sobam" (right hand) {Contam rCorr Str+6 Int+5 Slay+3}
   (You took it off a deep elf high priest on level 3 of the Elven Halls)

   [ring of strength]

   Str:       It affects your strength (+6).
   Int:       It affects your intelligence (+5).
   Slay:      It affects your accuracy & damage with ranged weapons and melee
   (+3).
   Contam:    It causes magical contamination when unequipped.
   rCorr:     It protects you from acid and corrosion.
 K - the ring "Ososidu" (left hand) {rElec rC+ rN++ Will+ Slay+4}
   (You found it on level 1 of the Depths)

   [ring of slaying]

   Slay:      It affects your accuracy & damage with ranged weapons and melee
   (+4).
   rC:        It protects you from cold.
   rElec:     It insulates you from electricity.
   rN:        It greatly protects you from negative energy.
   Will:      It increases your willpower.
 Q - the ring of Coinyha {rF+ Will+}
   (You bought it in a shop on level 6 of the Dungeon)

   [ring of willpower]

   rF:        It protects you from fire.
   Will:      It increases your willpower.
 X - a ring of protection from fire
Wands
 i - a wand of acid (5)
 p - a wand of paralysis (8)
 z - a wand of flame (47)
 A - a wand of charming (16)
 T - a wand of mindburst (26)
 V - a wand of digging (23)
 Z - a wand of iceblast (27)
Scrolls
 f - 28 scrolls of identify
 g - 3 scrolls of teleportation
 j - 7 scrolls of immolation
 m - 2 scrolls of holy word
 w - a scroll of silence
 x - 5 scrolls of fog
 y - 3 scrolls of summoning
 B - 2 scrolls of enchant weapon
 F - 4 scrolls of blinking
 M - 3 scrolls of magic mapping
 N - 2 scrolls of brand weapon
 S - 3 scrolls of fear
 Y - 2 scrolls of enchant armour
Potions
 h - 2 potions of resistance
 k - 13 potions of curing
 n - 4 potions of flight
 o - 5 potions of ambrosia
 u - 8 potions of might
 v - 10 potions of haste
 C - a potion of invisibility
 E - 7 potions of mutation
 G - 2 potions of heal wounds
 P - 6 potions of cancellation
Miscellaneous
 b - a phial of floods
 D - a tin of tremorstones (2/2)
 I - a box of beasts
 J - a condenser vane
 L - a lightning rod (4/4)
 R - a phantom mirror
 W - a piece from Xom's chessboard (15/15)


   Skills:
 * Level 25.2 Fighting
 * Level 24.9(25.0) Axes
 - Level 3.1(16.8) Maces & Flails
 + Level 15.8 Armour
 + Level 15.8 Dodging
 + Level 16.9 Evocations


You had 24 spell levels left.
You didn't know any spells.
Your spell library was empty.

Dungeon Overview and Level Annotations

Branches:
Dungeon (15/15)            Temple (0/1) D:6            Lair (6/6) D:11
 Shoals (4/4) Lair:3       Spider (4/4) Lair:2        Slime (0/5) Lair:6
    Orc (2/2) D:10            Elf (3/3) Orc:2        Vaults (5/5) D:13
  Crypt (0/3) Vaults:2     Depths (4/4) D:15            Zot (5/5) Depths:4
 Bailey (visited)         Volcano (visited)         Gauntlet (visited)

Altars:
Ashenzari
Dithmenos
Fedhas
Kikubaaqudgha
Sif Muna
The Shining One
Beogh
Jiyva
Lugonu

Shops:
D:2 *   D:6 =   Orc:1 [   Orc:2 ==:*=   Elf:3 (   Shoals:2 :   Vaults:1 !
Vaults:3 (   Depths:2 :==

Portals:
Hell: Depths:1 Depths:2 Depths:3 Depths:4
Abyss: Lair:6 Depths:2 Depths:3
Pandemonium: Depths:1 Depths:2 Depths:3 Depths:4
Ziggurat: Depths:1
Trove: D:10 (give +7 demon blade)

Annotations:
Lair:4 exclusion: oklob plant
Spider:4 3 exclusions
Orc:1 2 transporters
Zot:5 Tiamat


Innate Abilities, Weirdness & Mutations

You are completely covered in rugged brown scales. (AC +3, +7% HP)
You have supernaturally acute eyesight. (SInv)
Armour fits poorly on your strangely shaped body.
You can roll at nearby foes to attack.
You have a long armoured tail.
You curl defensively after being hit. (AC +7*)
You are somewhat resistant to further mutation.


Message History

You slice Tiamat like a ripe choko!!!
Tiamat is moderately wounded.
Tiamat hits you with a +2 demon trident of venom!
You are poisoned.
Tiamat tail-slaps you but does no damage.
You slice Tiamat!!
Tiamat is moderately wounded.
You feel very sick.
Tiamat hits you with a +2 demon trident of venom!
Tiamat tail-slaps you.
You carve Tiamat like a ham!!!
Tiamat is heavily wounded.
You feel sick.
You slice Tiamat!!
Tiamat is heavily wounded.
You feel sick.
Tiamat hits you with a +2 demon trident of venom!!
Tiamat tail-slaps you but does no damage.
You slash Tiamat!
Tiamat is heavily wounded.
You feel sick.
Tiamat hits you with a +2 demon trident of venom!!
* * * LOW HITPOINT WARNING * * *
Tiamat tail-slaps you!!
* * * LOW HITPOINT WARNING * * *
You feel much better.
You feel sick.
Tiamat hits you with a +2 demon trident of venom!!
* * * LOW HITPOINT WARNING * * *
You are more poisoned.
Tiamat tail-slaps you!!
* * * LOW HITPOINT WARNING * * *
Okay, then.
Unknown command.
Okay, then.
Unknown command.
Okay, then.
Okay, then.
You feel better.
Tiamat hits you with a +2 demon trident of venom!!
You die...

...........'.).#○#
#.#
.......≈≈..###.#d#
#.# .....≈≈≈...#
#.#.#####.#
..........)#
#<#dd.....#
+#########.#
#####d##### ,* #.#
##.## ,*########.#
##.## ,,.........#
##d## **##########
#.#@# #.###.# #.#
#.# ## #.# #.# #.#
#.# ##


You could see Tiamat.

Vanquished Creatures
  A dread lich (Vaults:4)
  An ancient lich (Vaults:5)
  2 orbs of fire
  2 juggernauts
  A curse toe (Zot:2)
  3 caustic shrikes (Depths:4)
  7 golden dragons
  Jory (Vaults:3)
  A bone dragon (Depths:4)
  Arachne (Spider:2)
  An electric golem (Zot:1)
  16 tentacled monstrosities
  2 hellephants (Depths:1)
  Jorgrun (D:14)
  9 liches
  Mlioglotl (Shoals:2)
  2 deep elf blademasters
  A walking frostbound tome (Depths:3)
  6 quicksilver dragons
  An acid blob (D:13)
  2 deep elf master archers (Elf:3)
  A titan (Vaults:5)
  Polyphemus (Shoals:2)
  4 death cobs
  A kraken (Shoals:3)
  7 tengu reavers
  3 sphinxes
  9 storm dragons
  A rockslime (D:13)
  Ilsuiw (Shoals:2)
  14 shadow dragons
  The ghost of PaleWalker the Prestidigitator, an adept GnWn of Cheibriados (Shoals:4)
  6 frost giants
  8 draconian knights
  9 fire giants
  3 deep elf sorcerers
  6 draconian monks
  22 vault wardens
  3 azure jellies (D:13)
  4 emperor scorpions
  3 draconian scorchers
  3 iron dragons
  6 ghost moths
  Aizul (Elf:3)
  8 draconian stormcallers
  5 spectral caustic shrikes (Depths:2)
  4 draconian shifters
  8 deep elf elementalists (Elf:3)
  4 draconian annihilators
  An angel (Depths:1)
  25 very ugly things
  2 broodmothers
  17 ironbound preservers
  3 spriggan defenders (Depths:3)
  3 ironbound thunderhulks
  22 stone giants
  4 war gargoyles
  10 black draconians
  7 green draconians
  The ghost of zazu2006 the Reanimator, a journeyman DDNe of Vehumet (Orc:2)
  3 vampire knights
  3 entropy weavers (Spider:4)
  8 yellow draconians
  9 white draconians
  8 deep elf demonologists
  15 purple draconians
  9 red draconians
  3 spark wasps
  5 deep elf annihilators (Elf:3)
  10 dire elephants
  A green death (Depths:1)
  7 deep elf death magi
  16 ettins
  The ghost of Psyclone the Fighter, a journeyman OpIE of Gozag (D:14)
  The ghost of IdlyInterested the Basher, a journeyman DsFi (Lair:2)
  A minotaur (Gauntlet)
  13 fire dragons
  8 merfolk javelineers
  8 merfolk impalers
  Fannar (D:10)
  3 jiangshi (Depths:1)
  14 yaktaur captains
  4 deep elf high priests
  Josephine (D:11)
  11 great orbs of eyes
  3 rakshasas
  A hell beast (Depths:4)
  2 peacekeepers (Vaults:4)
  Erolcha (Orc:1)
  10 ice dragons
  A caustic shrike simulacrum (Depths:1)
  The ghost of Roczioh the Covert, a journeyman DsEn of Wu Jian (D:13)
  37 vault guards
  9 hydras
  8 ironbound frosthearts
  8 boulder beetles
  3 merfolk avatars
  2 ogre magi (Vaults:5)
  5 spriggan air magi
  An alligator snapping turtle (Shoals:4)
  A catoblepas (Shoals:2)
  A radroach (Spider:2)
  10 centaur warriors
  4 merfolk aquamancers
  3 jorogumos (Spider:4)
  16 death yaks
  3 deep troll shamans
  8 two-headed ogres
  4 tengu warriors
  27 dancing weapons
  8 satyrs
  A death scarab (Spider:2)
  8 hell hogs
  3 vampire magi
  4 orc high priests (Orc:2)
  6 deep troll earth magi
  21 hell knights
  A titan zombie (Vaults:4)
  Sonja (Lair:5)
  4 iron trolls
  A storm dragon zombie (Depths:1)
  13 deep elf knights
  6 spriggan berserkers
  2 thrashing horrors (Lair:6)
  A soul eater (Depths:4)
  A fire crab (Volcano)
  8 pharaoh ants
  A fire crab (shapeshifter) (D:13)
  3 sun moths
  A storm dragon skeleton (Vaults:4)
  10 sea snakes
  A sea snake (shapeshifter) (Lair:6)
  3 steelbarb worms
  41 deep trolls
  2 tengu zombies
  15 orb spiders
  A flayed ghost (Depths:3)
  9 harpies
  24 deep elf archers
  10 wizards
  23 ironbound convokers
  16 lindwurms
  6 necromancers
  A wolf spider (shapeshifter) (Vaults:5)
  30 deep elf pyromancers
  2 phantasmal warriors
  12 orc knights
  A faun (shapeshifter) (Vaults:3)
  27 deep elf zephyrmancers
  42 ugly things
  12 wolf spiders
  A shadow dragon skeleton (Vaults:3)
  A shining eye (D:13)
  13 manticores
  31 fauns
  2 orc sorcerers (Orc:2)
  A shining eye (shapeshifter) (Vaults:5)
  22 slime creatures
  A fire giant skeleton (Vaults:4)
  A guardian serpent (D:11)
  11 moths of wrath
  14 merfolk sirens
  11 cyclopes
  A frost giant zombie (Depths:1)
  4 black mambas
  19 vault sentinels
  6 large abominations
  2 smoke demons
  4 water nymphs
  6 torpor snails
  14 cane toads
  An orange demon (Depths:4)
  2 freezing wraiths
  30 yaktaurs
  A rime drake (shapeshifter) (D:14)
  5 rime drakes
  10 demonic crawlers
  An ancient zyme (Lair:6)
  2 minotaur zombies (Gauntlet)
  7 komodo dragons
  2 hellwings (Depths:1)
  2 tengu conjurers (Depths:3)
  A yaktaur skeleton (Vaults:3)
  A meliai (shapeshifter) (D:15)
  2 red devils
  A queen bee (Gauntlet)
  39 merfolk
  4 hornets
  9 trolls
  2 polar bears
  22 blink frogs
  20 tarantellas
  A slime creature (shapeshifter) (Vaults:3)
  5 dream sheep
  4 meliai
  5 wind drakes
  11 snapping turtles
  A human simulacrum (Vaults:3)
  An air elemental (Elf:2)
  34 jumping spiders
  3 centaur simulacra
  17 culicivoras
  A wyvern (shapeshifter) (D:14)
  An elf zombie (Vaults:3)
  36 yaks
  21 water elementals
  5 shadows
  7 wraiths
  3 wyverns
  2 ynoxinuls (Lair:6)
  5 fire bats
  5 steam dragons
  7 basilisks
  A neqoxec (Depths:4)
  2 fire elementals
  A redback simulacrum (D:14)
  4 vampire mosquitoes (D:13)
  2 chaos spawn (Lair:6)
  45 redbacks
  5 wargs
  An acid dragon (D:10)
  A hydra simulacrum (Lair:2)
  A swamp worm (shapeshifter) (Lair:6)
  3 swamp worms (Gauntlet)
  Edmund (D:5)
  14 water moccasins
  A hell hound (Volcano)
  2 floating eyes (Depths:1)
  Duvessa (D:5)
  42 orc warriors
  3 ice beasts
  2 black bears (Lair:1)
  6 ogres
  9 wolves
  6 centaurs
  A phantom (D:5)
  9 kobold brigands
  Blork the orc (D:6)
  15 bullfrogs
  A human zombie (Vaults:4)
  3 scorpions
  A necrophage (D:7)
  A cane toad simulacrum (Lair:2)
  An earth elemental (Elf:2)
  8 wights
  Dowan (D:5)
  A blink frog simulacrum (Lair:2)
  15 small abominations
  6 killer bees (Gauntlet)
  2 electric eels
  2 howler monkeys (D:7)
  A rime drake simulacrum (Lair:2)
  4 hounds
  32 orc priests
  2 jellies (D:7)
  A gnoll shaman (D:6)
  Jessica (D:3)
  5 iguanas
  Ijyb (D:3)
  Natasha (thrice) (D:4)
  30 orc wizards
  12 hell rats
  A yak simulacrum (Lair:2)
  A bullfrog simulacrum (Lair:2)
  13 gnolls
  3 adders
  2 white imps (D:5)
  2 ufetubi (D:6)
  2 worms
  A dart slug (D:1)
  79 orcs
  9 endoplasms
  4 giant cockroaches
  7 goblins
  6 hobgoblins
  38 kobolds
  4 quokkas
  3 ball pythons
  5 bats
  8 frilled lizards
  8 rats
  5 bushes (Shoals:2)
  A plant (Shoals:4)
  3 tentacles (Shoals:3)
2039 creatures vanquished.

Vanquished Creatures (collateral kills)
  Agnes (Spider:1)
  An azure jelly (D:13)
  A rockslime (D:13)
  A deep elf sorcerer (Vaults:5)
  A death yak (Lair:5)
  A deep troll (Vaults:4)
  An ironbound convoker (Vaults:4)
  An orc knight (Vaults:4)
  2 fauns (Shoals:2)
  A merfolk siren (Shoals:2)
  A yak (Lair:5)
  2 water elementals (Shoals:2)
14 creatures vanquished.

Vanquished Creatures (others)
  An orc warlord (Vaults:4)
  An ironbound preserver (Vaults:4)
  A vault guard (Vaults:5)
  A deep elf knight (Elf:1)
  A sun moth (Spider:3)
  A deep elf zephyrmancer (Elf:1)
  A tarantella (Spider:1)
  A redback (Spider:4)
  A warg (Vaults:5)
  An orc warrior (Vaults:5)
  2 orcs (Vaults:5)
  58 fungi
  219 plants
  5 tentacles (Shoals:3)
294 creatures vanquished.

Grand Total: 2347 creatures vanquished

Notes
Turn   | Place    | Note
-------+----------+-------------------------------------------
     0 | D:1      | cojito the Palentonga Berserker began the quest for the
                  | Orb.
     0 | D:1      | Reached XP level 1. HP: 19/19 MP: 1/1
   397 | D:1      | Reached XP level 2. HP: 23/25 MP: 2/2
   474 | D:1      | Reached skill level 1 in Maces & Flails
   993 | D:2      | Reached XP level 3. HP: 31/31 MP: 3/3
  1166 | D:2      | Reached ** piety under Trog
  1243 | D:2      | Found Faeskam's General Store.
  1380 | D:2      | Bought a scroll of teleportation for 39 gold pieces
  1541 | D:3      | Noticed Ijyb
  1544 | D:3      | Killed Ijyb
  1545 | D:3      | Reached XP level 4. HP: 39/39 MP: 4/4
  1877 | D:3      | Noticed Jessica
  1882 | D:3      | Killed Jessica
  1883 | D:3      | Reached skill level 4 in Fighting
  2322 | D:3      | Reached XP level 5. HP: 44/44 MP: 5/5
  2424 | D:3      | Found a faded altar of an unknown god.
  2640 | D:4      | Noticed Natasha
  2647 | D:4      | Killed Natasha
  2683 | D:4      | Noticed Natasha
  2689 | D:4      | Killed Natasha
  2762 | D:4      | Noticed Natasha
  2773 | D:4      | Killed Natasha
  3189 | D:4      | Reached XP level 6. HP: 52/52 MP: 6/6
  3527 | D:5      | Entered Level 5 of the Dungeon
  3615 | D:5      | Noticed Edmund
  3636 | D:5      | Killed Edmund
  3637 | D:5      | Reached skill level 5 in Fighting
  3641 | D:5      | Noticed an ice beast
  3648 | D:5      | Killed an ice beast
  3649 | D:5      | Reached skill level 1 in Evocations
  3649 | D:5      | Gained mutation: You curl defensively after being hit. (AC
                  | +7*) [Palentonga growth]
  3649 | D:5      | Reached XP level 7. HP: 17/59 MP: 7/7
  4190 | D:5      | Noticed Dowan
  4235 | D:5      | Killed Dowan
  4428 | D:5      | Found a shadowy altar of Dithmenos.
  4465 | D:5      | Reached *** piety under Trog
  4538 | D:5      | Noticed Duvessa
  4543 | D:5      | Killed Duvessa
  4705 | D:5      | Reached XP level 8. HP: 68/68 MP: 8/8
  4816 | D:6      | Reached skill level 6 in Fighting
  5214 | D:6      | Noticed Blork the orc
  5224 | D:6      | Killed Blork the orc
  5225 | D:6      | Reached skill level 5 in Axes
  5827 | D:6      | Reached skill level 7 in Fighting
  5839 | D:6      | Reached XP level 9. HP: 25/77 MP: 9/9
  6224 | D:6      | Found Funoj's One-of-a-Kind Rings.
  6356 | D:2      | Bought a scroll of blinking for 97 gold pieces
  6505 | D:6      | Found a staircase to the Ecumenical Temple.
  6765 | D:7      | Reached skill level 8 in Fighting
  6827 | D:7      | Identified the +11 war axe "Istreevve" {venom, rElec rCorr}
  6894 | D:7      | Found a flagged portal.
  6905 | Bailey   | Entered a bailey
  7128 | Bailey   | Reached **** piety under Trog
  7575 | Bailey   | Reached XP level 10. HP: 87/87 MP: 10/10
  7626 | Bailey   | Found a burning altar of Makhleb.
  8035 | D:8      | Reached skill level 5 in Armour
  8252 | D:8      | Reached skill level 5 in Dodging
  8601 | D:9      | Reached skill level 9 in Fighting
  9123 | D:9      | Reached skill level 5 in Evocations
  9335 | D:10     | Entered Level 10 of the Dungeon
  9413 | D:10     | Noticed a two-headed ogre
  9418 | D:10     | Killed a two-headed ogre
  9476 | D:10     | Noticed Fannar
  9478 | D:10     | Noticed a two-headed ogre
  9483 | D:10     | Killed a two-headed ogre
  9484 | D:10     | Reached XP level 11. HP: 67/96 MP: 11/11
  9493 | D:10     | Killed Fannar
  9664 | D:10     | Identified the +2 pair of gloves of Geg Zietin {rN+}
  9672 | D:10     | Found a portal to a secret trove of treasure.
  9831 | D:10     | Reached skill level 10 in Fighting
 10290 | D:10     | Found a staircase to the Orcish Mines.
 10545 | D:11     | Noticed Josephine
 10548 | D:11     | Noticed a boulder beetle
 10552 | D:11     | Killed Josephine
 10562 | D:11     | Killed a boulder beetle
 10721 | D:11     | Reached skill level 10 in Axes
 10824 | D:11     | Reached ***** piety under Trog
 11141 | D:11     | Found a staircase to the Lair.
 11323 | D:11     | Noticed a fire dragon
 11355 | D:11     | Killed a fire dragon
 11991 | Lair:1   | Entered Level 1 of the Lair of Beasts
 12030 | Lair:1   | Reached skill level 11 in Fighting
 12342 | Lair:1   | Noticed a five-headed hydra
 12350 | Lair:1   | Killed a five-headed hydra
 13066 | Lair:1   | Reached XP level 12. HP: 107/107 MP: 12/12
 13559 | Lair:2   | Noticed an eight-headed hydra
 13733 | Lair:2   | Killed an eight-headed hydra
 13797 | Lair:2   | Found a hole to the Spider Nest.
 13940 | Lair:2   | Noticed a death yak
 13979 | Lair:2   | Killed a death yak
 14223 | Lair:2   | You fall into a shaft and drop 2 floors!
 14705 | Lair:2   | Found a runed translucent gate.
 14729 | Lair:2   | Noticed a death yak
 14739 | Lair:2   | Noticed a death yak
 14753 | Lair:2   | Noticed a death yak
 14755 | Lair:2   | Noticed a death yak
 14757 | Lair:2   | Killed a death yak
 14779 | Lair:2   | Killed a death yak
 14995 | Lair:2   | Reached skill level 12 in Fighting
 15073 | Lair:2   | Found a runed translucent gate.
 15073 | Lair:2   | Found a runed translucent gate.
 15082 | Lair:2   | Noticed IdlyInterested's ghost (journeyman DsFi)
 15082 | Lair:2   | Noticed an ice dragon
 15308 | Lair:1   | Killed a death yak
 15316 | Lair:2   | Killed a death yak
 15762 | Lair:2   | Killed an ice dragon
 16083 | Lair:2   | Got the ring "Wofes" {Fire Int+8 Dex-3 Slay+6}
 16136 | Lair:2   | Killed IdlyInterested's ghost
 16303 | Lair:3   | Noticed a seven-headed hydra
 16308 | Lair:3   | Killed a seven-headed hydra
 16369 | Lair:3   | Reached XP level 13. HP: 109/116 MP: 13/13
 16773 | Lair:3   | Found a staircase to the Shoals.
 17884 | Lair:4   | Found a blossoming altar of Fedhas.
 18469 | Lair:5   | Reached skill level 13 in Fighting
 18476 | Lair:5   | Found a dark tunnel.
 18485 | Volcano  | Entered a volcano
 18596 | Volcano  | Identified the +0 pair of gloves "Dimeidgh" {*Slow rPois
                  | Str+2 SInv}
 18972 | Lair:5   | Noticed Sonja
 18975 | Lair:5   | Killed Sonja
 19515 | Lair:6   | Entered Level 6 of the Lair of Beasts
 20110 | Lair:5   | Received a gift from Trog
 20605 | Lair:6   | Reached XP level 14. HP: 87/127 MP: 14/14
 20824 | Lair:6   | Found a staircase to the Slime Pits.
 21648 | Lair:6   | Reached skill level 14 in Fighting
 22093 | Lair:6   | Reached XP level 15. HP: 135/135 MP: 15/15
 22094 | Lair:6   | Reached XP level 16. HP: 143/143 MP: 16/16
 22219 | Lair:6   | Received a gift from Trog
 22627 | Lair:6   | Reached skill level 15 in Fighting
 22809 | Lair:6   | Found a corrupted altar of Lugonu.
 22809 | Lair:6   | Found a one-way gate to the infinite horrors of the Abyss.
 23151 | Orc:1    | Entered Level 1 of the Orcish Mines
 24016 | D:6      | Bought the ring of Coinyha {rF+ Will+} for 468 gold pieces
 24178 | Orc:2    | Entered Level 2 of the Orcish Mines
 24224 | Orc:2    | Found a staircase to the Elven Halls.
 24456 | Orc:2    | Found Faafrel's Jewellery Boutique.
 24471 | Orc:2    | Found a runed translucent door.
 24471 | Orc:2    | Noticed zazu2006's ghost (journeyman DDNe)
 24836 | Orc:1    | Noticed Erolcha
 24841 | Orc:1    | Killed Erolcha
 25011 | Orc:1    | Found Xupputig's Antique Armour Emporium.
 25018 | Orc:1    | Found a transporter.
 25020 | Orc:1    | Found a transporter.
 25034 | Orc:1    | Bought a smoking cloak for 228 gold pieces
 25034 | Orc:1    | Identified the +2 cloak "Goduklul" {rPois Str+4 Slay+3
                  | Stlth+} (You bought it in a shop on level 1 of the Orcish
                  | Mines)
 25044 | Orc:1    | Bought a fading kite shield for 228 gold pieces
 25044 | Orc:1    | Identified the -1 kite shield of Hoxtec {Int+4} (You bought
                  | it in a shop on level 1 of the Orcish Mines)
 25083 | Orc:2    | Received a gift from Trog
 25522 | Orc:2    | Found Ynimer's General Store.
 25522 | Orc:2    | Found Ryrchaa's Jewellery Shop.
 25522 | Orc:2    | Found Cigov's Jewellery Shop.
 25523 | Orc:2    | Reached ****** piety under Trog
 25530 | Orc:2    | Found Muuc's Book Boutique.
 25542 | Orc:2    | Received a gift from Trog
 25547 | Orc:2    | Bought an amulet of regeneration for 420 gold pieces
 25620 | Orc:2    | Killed zazu2006's ghost
 25685 | Orc:2    | Bought a scroll of enchant weapon for 127 gold pieces
 26270 | D:12     | Reached skill level 15 in Axes
 26714 | D:13     | Found a gate leading to a gauntlet.
 26719 | Gauntlet | Entered a Gauntlet
 26719 | Gauntlet | Found a transporter.
 26724 | Gauntlet | Found a transporter.
 26726 | Gauntlet | Found a transporter.
 26744 | Gauntlet | Found a runed translucent door.
 26748 | Gauntlet | Found a transporter.
 26765 | Gauntlet | Found a transporter.
 26767 | Gauntlet | Found a transporter.
 26777 | Gauntlet | Found a transporter.
 26793 | Gauntlet | Found a transporter.
 26802 | Gauntlet | Found a runed translucent door.
 26803 | Gauntlet | Found a transporter.
 26804 | Gauntlet | Found a runed translucent door.
 26807 | Gauntlet | Found a transporter.
 26807 | Gauntlet | Found a transporter.
 26822 | Gauntlet | Found a transporter.
 26845 | Gauntlet | Found a transporter.
 26860 | Gauntlet | Found a transporter.
 26932 | Gauntlet | Identified the +5 hand crossbow "Noulusao" {penet, SInv}
 27050 | Gauntlet | Identified the +4 longbow of Chance {flame, rN+ Will- rCorr
                  | Str+5}
 27149 | D:13     | Found a runed translucent gate.
 27149 | D:13     | Found a runed translucent gate.
 27150 | D:13     | Found a runed translucent gate.
 27152 | D:13     | Noticed an acid blob
 27153 | D:13     | Noticed an acid blob
 27153 | D:13     | Noticed Roczioh's ghost (journeyman DsEn)
 27205 | D:13     | Found a glowing golden altar of the Shining One.
 27488 | D:13     | Reached skill level 10 in Evocations
 27490 | D:13     | Reached XP level 17. HP: 112/154 MP: 17/17
 27601 | D:13     | Found a gate to the Vaults.
 27929 | D:13     | Found a viscous altar of Jiyva.
 27952 | D:13     | Reached skill level 16 in Fighting
 27960 | D:13     | Killed an acid blob
 28094 | D:13     | Killed Roczioh's ghost
 28113 | D:13     | Identified the +0 scale mail "Nerch" {SInv}
 28436 | D:14     | Found a runed translucent gate.
 28436 | D:14     | Found a runed translucent gate.
 28436 | D:14     | Found an ancient bone altar of Kikubaaqudgha.
 28436 | D:14     | Found a runed translucent gate.
 28436 | D:14     | Noticed a lich
 28436 | D:14     | Noticed a lich
 28437 | D:14     | Noticed a lich
 28437 | D:14     | Noticed Psyclone's ghost (journeyman OpIE)
 28437 | D:14     | Noticed a lich
 28471 | D:14     | Noticed Jorgrun
 28481 | D:14     | Killed Jorgrun
 29001 | D:14     | Identified the +5 scale mail "Ahucetwu" {Int+2}
 29001 | D:14     | Identified the ring of Xaseises {Fly Dex+6}
 29001 | D:14     | Identified the +7 falchion of Noon {flame, +Blink rN++
                  | Str-4 SInv}
 29001 | D:14     | Identified the +2 trident of Sulphur {spect, rElec Dex+3}
 29030 | D:14     | Reached skill level 10 in Armour
 29320 | D:14     | Killed a lich
 29323 | D:14     | Killed a lich
 29323 | D:14     | Killed a lich
 29324 | D:14     | Reached skill level 10 in Dodging
 29324 | D:14     | Killed a lich
 29332 | D:14     | Killed Psyclone's ghost
 29364 | D:14     | Identified the +1 cloak of Idealism {rElec rPois Str-3
                  | Int+6}
 29374 | D:14     | Identified the ring "Ebusic" {Ice rElec rCorr Int-5}
 29579 | Spider:1 | Entered Level 1 of the Spider Nest
 30732 | Spider:2 | Noticed Agnes
 30807 | Spider:1 | Killed Agnes
 31131 | Spider:2 | Noticed Arachne
 31152 | Spider:2 | Killed Arachne
 31152 | Spider:2 | Received a gift from Trog
 31153 | Spider:2 | Reached skill level 17 in Fighting
 32180 | Spider:3 | Reached XP level 18. HP: 164/165 MP: 6/18
 32230 | Spider:4 | Entered Level 4 of the Spider Nest
 32874 | Spider:4 | HP: 8/162 [poisoned by a redback]
 33959 | Spider:4 | Got a gossamer rune of Zot
 34823 | Elf:1    | Entered Level 1 of the Elven Halls
 34831 | Elf:1    | Received a gift from Trog
 34903 | Elf:1    | Reached skill level 18 in Fighting
 35656 | Elf:1    | Received a gift from Trog
 35851 | Elf:1    | Noticed a Hell Sentinel
 36145 | Elf:1    | Reached XP level 19. HP: 147/175 MP: 19/19
 36383 | Elf:2    | Found a shimmering blue altar of Sif Muna.
 36486 | Elf:2    | Received a gift from Trog
 36547 | Elf:2    | Paralysed by an air elemental for 1 turns
 36817 | Elf:2    | Found a runed translucent gate.
 36818 | Elf:2    | Found a runed translucent gate.
 36818 | Elf:2    | Found a runed translucent gate.
 37870 | Elf:3    | Entered Level 3 of the Elven Halls
 37946 | Elf:3    | Noticed Aizul
 37998 | Elf:3    | Killed Aizul
 38033 | Elf:3    | Received a gift from Trog
 38255 | Elf:3    | Found Foklaan's Weapon Shop.
 38341 | Elf:3    | Reached skill level 19 in Fighting
 39157 | Elf:3    | Identified the ring "Sobam" {Contam rCorr Str+6 Int+5
                  | Slay+3}
 39440 | Elf:3    | Received a gift from Trog
 39683 | Elf:3    | Noticed a Tzitzimitl
 40094 | Shoals:1 | Entered Level 1 of the Shoals
 40400 | Shoals:1 | Identified the +2 chain mail of the Slightly Bent {rN+
                  | Will++ Str-4}
 41030 | Shoals:2 | Reached XP level 20. HP: 169/186 MP: 6/20
 41360 | Shoals:2 | Noticed Mlioglotl
 41373 | Shoals:2 | Killed Mlioglotl
 41377 | Shoals:2 | Noticed Polyphemus
 41377 | Shoals:2 | Noticed Ilsuiw
 41379 | Shoals:2 | Found Myumnur's Book Shop.
 41415 | Shoals:2 | Received a gift from Trog
 41758 | Shoals:2 | Killed Ilsuiw
 41986 | Shoals:2 | Killed Polyphemus
 42434 | Shoals:3 | Identified the +0 leather armour of the Sun {Int+7 Dex+3}
 42523 | Shoals:3 | Received a gift from Trog
 43193 | Shoals:3 | Reached skill level 20 in Fighting
 43232 | Shoals:4 | Entered Level 4 of the Shoals
 43851 | Shoals:4 | Received a gift from Trog
 43996 | Shoals:4 | Got a barnacled rune of Zot
 44174 | Shoals:4 | Found a large runed translucent door.
 44174 | Shoals:4 | Found a large runed translucent door.
 44263 | Shoals:4 | Identified the +5 hand crossbow of Dylueraw {freeze, Fly
                  | Dex+4}
 44572 | Shoals:4 | Received a gift from Trog
 44625 | Shoals:4 | Noticed PaleWalker's ghost (adept GnWn)
 44625 | Shoals:4 | Found the +8 Wrath of Trog {antimagic, *Rage Rampage}
 44685 | Shoals:4 | Killed PaleWalker's ghost
 44961 | D:15     | Entered Level 15 of the Dungeon
 45843 | D:15     | Found a staircase to the Depths.
 46040 | Depths:1 | Entered Level 1 of the Depths
 46127 | Depths:1 | Reached XP level 21. HP: 196/196 MP: 21/21
 46565 | Depths:1 | Found a one-way gateway to a ziggurat.
 47112 | Depths:1 | Paralysed by a floating eye for 3 turns
 47119 | Depths:1 | Paralysed by a floating eye for 2 turns
 47133 | Depths:1 | Received a gift from Trog
 47367 | Depths:1 | Identified the +8 war axe of Welfare {venom, Dex+2}
 47455 | Depths:1 | Identified the ring "Ososidu" {rElec rC+ rN++ Will+ Slay+4}
 47591 | Depths:1 | Found a gateway to Hell.
 47875 | Depths:1 | Reached skill level 21 in Fighting
 48159 | Depths:1 | Found a one-way gate leading to the halls of Pandemonium.
 49300 | Depths:2 | Found a broken altar of Ashenzari.
 49326 | Depths:2 | Received a gift from Trog
 49641 | Depths:2 | Found Heucith's Book Boutique.
 49642 | Depths:2 | Found Ucuneruy's Jewellery Shoppe.
 49642 | Depths:2 | Found Gyoxiuto's Jewellery Shoppe.
 50142 | Depths:4 | Entered Level 4 of the Depths
 50282 | Depths:3 | You fall into a shaft and drop 1 floor!
 50302 | Depths:4 | Reached XP level 22. HP: 59/207 MP: 7/22
 50720 | Depths:3 | Noticed a juggernaut
 50923 | Depths:3 | Received a gift from Trog
 50959 | Depths:3 | Noticed a golden dragon
 50973 | Depths:3 | Killed a golden dragon
 50979 | Depths:3 | Killed a juggernaut
 51079 | Depths:3 | Found a blossoming altar of Fedhas.
 51570 | Depths:4 | Noticed a caustic shrike
 51570 | Depths:4 | Noticed a caustic shrike
 51571 | Depths:4 | Noticed a caustic shrike
 51899 | Depths:4 | Noticed a juggernaut
 51911 | Depths:4 | Killed a juggernaut
 51912 | Depths:4 | Reached skill level 22 in Fighting
 52403 | Depths:4 | Identified the +9 arbalest of cojito's Doom {vorpal, Str+3
                  | Dex+3}
 52492 | Depths:4 | Found a gate to the Realm of Zot.
 52502 | Depths:4 | Killed a caustic shrike
 52537 | Depths:4 | Killed a caustic shrike
 52537 | Depths:4 | Killed a caustic shrike
 53264 | Vaults:1 | Entered Level 1 of the Vaults
 53692 | Vaults:1 | Received a gift from Trog
 54167 | Vaults:1 | Reached XP level 23. HP: 164/218 MP: 7/23
 54511 | Vaults:1 | Found Xubocvi's Distillery.
 54519 | Vaults:1 | Bought a potion of curing for 45 gold pieces
 54519 | Vaults:1 | Bought a potion of magic for 120 gold pieces
 54519 | Vaults:1 | Bought a potion of magic for 120 gold pieces
 54519 | Vaults:1 | Bought a potion of haste for 150 gold pieces
 54519 | Vaults:1 | Bought a potion of haste for 150 gold pieces
 54519 | Vaults:1 | Bought a potion of curing for 45 gold pieces
 54519 | Vaults:1 | Bought a potion of cancellation for 120 gold pieces
 54650 | Vaults:1 | Received a gift from Trog
 54654 | Vaults:1 | Reached skill level 15 in Evocations
 54861 | Vaults:2 | Found a staircase to the Crypt.
 56369 | Vaults:3 | Found Zaisakoj's Weapon Emporium.
 56603 | Vaults:3 | Noticed Jory
 56613 | Vaults:3 | Killed Jory
 56671 | Vaults:3 | Reached skill level 23 in Fighting
 56684 | Vaults:3 | Received a gift from Trog
 56793 | Vaults:3 | You fall into a shaft and drop 1 floor!
 58046 | Vaults:4 | Received a gift from Trog
 58844 | Vaults:5 | Entered Level 5 of the Vaults
 58850 | Vaults:5 | Reached XP level 24. HP: 68/230 MP: 7/23
 59350 | Vaults:5 | Received a gift from Trog
 59704 | Vaults:5 | Noticed a dread lich
 59704 | Vaults:5 | Identified the ring "Jetugee" {Will++ Int+6}
 59787 | Vaults:4 | Killed a dread lich
 59989 | Vaults:4 | Reached skill level 15 in Dodging
 60011 | Vaults:5 | Received a gift from Trog
 60021 | Vaults:5 | Reached skill level 24 in Fighting
 60028 | Vaults:4 | Reached skill level 15 in Armour
 60313 | Vaults:5 | Identified the -4 cloak of Soenan {rN+ Will- rCorr}
 60328 | Vaults:5 | Identified the +1 whip "Zodeg" {spect, Str+5}
 60396 | Vaults:5 | Identified the +6 quarterstaff of Oozing Pus {vamp, rPois
                  | rN+ Str+5 Stlth+}
 61026 | Vaults:5 | Noticed an ancient lich
 61036 | Vaults:5 | Killed an ancient lich
 61242 | Vaults:5 | Received a gift from Trog
 61321 | Vaults:5 | Got a silver rune of Zot
 61785 | Zot:1    | Entered Level 1 of the Realm of Zot
 62234 | Zot:1    | Reached XP level 25. HP: 175/240 MP: 7/23
 63641 | Zot:1    | Received a gift from Trog
 65029 | Zot:3    | Noticed an orb of fire
 65031 | Zot:3    | Gained mutation: You do not regenerate when monsters are
                  | visible. [an orb of fire]
 65041 | Zot:3    | Killed an orb of fire
 65682 | Zot:3    | Reached skill level 25 in Fighting
 65688 | Zot:3    | Identified the +6 quarterstaff of Ragnarok {flame, Dex+2}
                  | (Trog gifted it to you on level 3 of the Realm of Zot)
 65688 | Zot:3    | Received a gift from Trog
 65774 | Zot:3    | Lost mutation: You do not regenerate when monsters are
                  | visible. [potion of mutation]
 65774 | Zot:3    | Gained mutation: You are somewhat resistant to further
                  | mutation. [potion of mutation]
 67278 | Zot:5    | Entered Level 5 of the Realm of Zot
 67290 | Zot:5    | Noticed an orb of fire
 67305 | Zot:5    | Killed an orb of fire
 67801 | Zot:5    | Found the +4 dragonskin cloak
 67801 | Zot:5    | Noticed Tiamat
 68125 | Zot:5    | HP: 4/243 [Tiamat/+2 demon trident of venom (24)]
 68126 | Zot:5    | Slain by Tiamat

Illustrated notes

Levels and vault maps discovered:
D:1:      dpeg_arrival_windows_large_door, layout_loops_ring,
          minmay_misc_feat_rows
D:2:      layout_rooms, serial_shops, nicolae_shop_waterfront
D:3:      layout_basic, shapermc_ecumenical_altar_totnotflames,
          lexackson_kobold_supper, uniq_ijyb, uniq_jessica
D:4:      layout_rooms, uniq_natasha
D:5:      layout_basic, grunt_dithmenos_smoke, uniq_duvessa, uniq_edmund
D:6:      layout_rooms, minmay_temple_entry_proselytizer,
          nicolae_shop_unique_rings, fountainhead, dreamdust_gnoll_farm,
          uniq_blork_the_orc
D:7:      layout_cave_pools, enter_bailey_2
D:8:      layout_cave_pools
D:9:      layout_basic
D:10:     layout_loops_ring, david_orc_4, enter_trove_1, uniq_fannar
D:11:     dragon1_lemuel, layout_rooms, lair_entry_dummy,
          nrook_guardian_serpent_ordinary, uniq_josephine
D:12:     layout_loops_ring, portal_ice_cave_entry_pillars_2, chequers_avenue
D:13:     layout_gridville, erik_vaults_2, gammafunk_ghost_ooze,
          gauntlet_entry_generic, nicolae_tso_carved_into_rock
D:14:     minmay_the_grid_four_pointed_star_mashed
          [minmay_the_grid_triangle_9x9_corrupted_corridor,
          minmay_the_grid_triangle_9x9_corruption,
          minmay_the_grid_triangle_9x9_limited_checkers,
          minmay_the_grid_triangle_9x9_minimal,
          minmay_the_grid_prize_shrinking_boxes], layout_irregular_city,
          gammafunk_ghost_crypt, columned_hall_lemuel, minmay_door_square,
          uniq_jorgrun
D:15:     grunt_enter_depths_snipers, layout_stronghold, kennysheep_crisscross,
          nicolae_concentric_dashed_squares_mild, grunt_ministairs_2
Lair:1:   layout_roguey, st_stairs_5
Lair:2:   layout_regular_city, nicolae_spider_entry_orb_guardian,
          gammafunk_ghost_icy, serial_bayou_shore_a, serial_bayou_shore_b,
          infiniplex_staircase_pool_2
Lair:3:   layout_gridlike, minmay_shoals_entry_lonely_mermaid,
          grunt_megastairs_5
Lair:4:   layout_roguey, hangedman_tree_tricks, infiniplex_staircase_pool
Lair:5:   layout_cellular_growth, nicolae_volcano_entry_lava_flow,
          nicolae_lair_lindhole, grunt_megastairs_1, serial_bayou_shore_b,
          uniq_sonja
Lair:6:   hellmonk_lair_end_abyssal_woods, layout_loops_ring, slime_dummy,
          grunt_megastairs_2
Shoals:1: layout_shoals, overgrown_tower
Shoals:2: layout_shoals, serial_shops, shop, yaktaur_hedge, uniq_ilsuiw,
          uniq_mlioglotl, uniq_polyphemus
Shoals:3: dreamdust_from_the_deep, layout_shoals
Shoals:4: shoals_end_grunt_garden, layout_shoals, ebering_ghost_disaster_area
Spider:1: layout_chambers, hangedman_spider_trapstep
Spider:2: layout_spider_delve, uniq_agnes, uniq_arachne
Spider:3: layout_spider_delve
Spider:4: johnstein_spider_rune_arachne_lair
Orc:1:    gammafunk_beogh_shrine, layout_diamond_mine, serial_shops, shop,
          nicolae_orc_tapped_out, uniq_erolcha
Orc:2:    st_orc_mages, layout_diamond_mine, hellmonk_ghost_happy_afterlife,
          serial_shops, shop
Elf:1:    eino_elf_arrival_the_gate, layout_geoelf_octagon,
          hangedman_elf_represent, laboratory
Elf:2:    nicolae_elf_blades_crystal_corner, layout_gridlike, basic_altar
Elf:3:    minmay_elf_hall_dome, layout_geoelf_castle, minmay_shop_star,
          uniq_aizul
Vaults:1: vaults_mumra_bighexcomb, v_misc_12, nicolae_vaults_network_star,
          hangedman_vaults_snaps, nicolae_vaults_network_square,
          grunt_vaults_twisty, nicolae_vaults_asterisk,
          vaults_standard_mumra_enter_the_diamond, nicolae_vaults_gold_heap,
          nicolae_vaults_circle_grid_b, ontoclasm_vaults_ring_large,
          nicolae_vaults_little_squares_3, layout_vaults_omnibox, serial_shops,
          nicolae_shop_temple_entry_statues_fountains
Vaults:2: v_alt_pattern_4, v_rooms_5, vaults_mumra_chevron_long,
          hangedman_vaults_river_flow, vaults_room_semicircle,
          vaults_mumra_minichess, ontoclasm_vaults_tryst, v_misc_3,
          hangedman_vaults_cutoff, layout_vaults_omnicross, dummy_crypt_entry
Vaults:3: ontoclasm_vaults_gateway, nicolae_vaults_quadrants,
          hangedman_vaults_trim, vaults_dpeg_ring, vaults_dpeg_cross,
          hangedman_vaults_locks, nicolae_vaults_shelves_hall, v_alt_pattern_1,
          layout_vaults_chaotic_city, serial_shops,
          nicolae_shop_bloodbath_and_beyond, uniq_jory
Vaults:4: v_misc_16, dpeg_vaults_monster_box, hangedman_vaults_corner,
          grunt_vaults_bifocal, layout_vaults_omnigrid
Vaults:5: serial_shops
Depths:1: kennysheep_water_balloons, layout_gridlike, enter_ziggurat_f,
          marbit_kobold_abyss_entry, grunt_hell_horde, rand_demon_pan_entry_9,
          corner_web_ring, feat_on_display
Depths:2: minmay_blocking_statues, layout_honeycomb, pf_hell_entry_tar_river,
          abyss_entry, corexii_hall_statues_s, pan_entry,
          evilmike_ruin_ashenzari, minmay_shop_grove,
          infiniplex_staircase_zigzag_2
Depths:3: hangedman_cross_veins, layout_cave_shapes, grunt_pan_entry_in_and_out,
          abyss_entry, hell_entry, fedhas_altar_fruit_tree,
          minmay_strange_pillars, amcnicky_mini_rare_corridor_liquid,
          dreamdust_wishing_well
Depths:4: grunt_zot_entry_alcove, layout_small_grid, hell_entry,
          rand_demon_pan_entry_7
Zot:1:    layout_basic
Zot:2:    layout_gridlike
Zot:3:    layout_concentric_octagons
Zot:4:    kennysheep_spiral_hall, layout_basic
Zot:5:    layout_basic, uniq_tiamat

Skill      XL: |  1  2  3  4  5  6  7  8  9 10 11 12 13 14 15 16 17 18 19 20 21 22 23 24 25 |
---------------+----------------------------------------------------------------------------+-----
Maces & Flails | 1 2 3 |  3.1
Armour         | 2 3 4 5 6 7 8 9 10 11 12 13 14 15 | 15.8
Dodging        | 2 3 4 5 6 7 8 9 10 11 12 13 14 15 | 15.8
Fighting       | 4 5 7 8 9 11 12 13 14 15 17 18 19 20 21 22 23 24 25 | 25.2
Evocations     | 1 2 3 4 5 6 7 8 9 10 11 12 13 14 15 16 | 16.9
Axes           | 4 6 7 9 10 11 13 14 15 16 18 19 20 21 22 23 24 | 24.9

Action                   |  1- 3 |  4- 6 |  7- 9 | 10-12 | 13-15 | 16-18 | 19-21 | 22-24 | 25-27 || total
-------------------------+-------+-------+-------+-------+-------+-------+-------+-------+-------++-------
Melee: Mace              |    90 |    91 |       |       |       |       |       |       |       ||   181
       Tailslap          |     4 |    10 |    29 |    49 |    51 |   185 |   290 |   229 |    86 ||   933
       Punch             |     1 |     1 |     4 |     2 |     5 |    12 |    14 |       |       ||    39
       War axe           |       |    26 |   264 |   306 |   305 |   815 |   667 |       |       ||  2383
       Unarmed           |       |    20 |       |       |       |       |       |       |       ||    20
       Great mace        |       |       |       |     5 |       |       |       |       |       ||     5
       Executioner's axe |       |       |       |       |       |   218 |   709 |  1046 |   347 ||  2320
 Fire: Fustibalus        |       |       |       |       |    11 |       |       |       |       ||    11
Invok: Berserk           |     1 |     5 |    12 |    12 |     5 |    12 |     9 |     3 |     5 ||    64
       Trog's Hand       |       |     1 |       |     1 |     1 |     5 |    16 |     7 |     4 ||    35
       Brothers in Arms  |       |       |       |       |     1 |       |     1 |     1 |       ||     3
 Abil: Rolling Charge    |     2 |     5 |    13 |    53 |    50 |   258 |   288 |   186 |    65 ||   920
Evoke: Wand              |       |     2 |     9 |    59 |    10 |    21 |    50 |     5 |     5 ||   161
       Lightning rod     |       |       |       |     6 |     4 |    14 |     5 |     2 |       ||    31
       Phantom mirror    |       |       |       |       |       |     1 |     2 |       |       ||     3
       Box of beasts     |       |       |       |       |       |       |     2 |     2 |       ||     4
       Condenser vane    |       |       |       |       |       |       |     2 |     2 |       ||     4
       Tin of tremorston |       |       |       |       |       |       |     1 |     1 |       ||     2
  Use: Potion            |       |       |     1 |     2 |     2 |     8 |    11 |     7 |    11 ||    42
       Scroll            |       |       |    10 |    11 |     4 |    15 |    25 |    12 |     4 ||    81
 Stab: Invisible         |       |       |       |       |       |       |     1 |     6 |       ||     7
       Distracted        |       |       |       |       |       |       |       |     1 |       ||     1
Armor: Animal skin       |    12 |       |       |       |       |       |       |       |       ||    12
       Ring mail         |    47 |    61 |   125 |     3 |       |       |       |       |       ||   236
       Steam dragon scal |       |       |       |    41 |       |       |       |       |       ||    41
       Robe              |       |       |       |    36 |       |       |       |       |       ||    36
       Ice dragon scales |       |       |       |       |    93 |   535 |   921 |   547 |       ||  2096
       Leather armour    |       |       |       |       |    12 |       |       |       |       ||    12
       Chain mail        |       |       |       |       |     1 |       |       |       |       ||     1
       Shadow dragon sca |       |       |       |       |       |       |     8 |       |       ||     8
       Gold dragon scale |       |       |       |       |       |       |       |   250 |   330 ||   580
Dodge: Dodged            |    44 |    80 |   147 |   108 |    91 |   354 |   427 |   318 |   103 ||  1672

Table legend: (Time is in decaauts)
 A = Elapsed time spent in this place.
 B = Non-inter-level travel time spent in this place.
 C = Inter-level travel time spent in this place.
 D = Time resting spent in this place.
 E = Time spent auto-exploring this place.
 F = Levels seen in this place.
 G = Mean time per level.
                   A        B        C        D        E       F      G
               +--------+--------+--------+--------+--------+-----+--------+
         Total |  68550 |  63720 |   4830 |  15221 |  34243 |  51 | 1344.1 |
       Dungeon |  16933 |  15175 |   1758 |   3523 |   8486 |  15 | 1128.9 |
          Lair |  11137 |  10336 |    801 |   3638 |   5049 |   6 | 1856.2 |
        Shoals |   5024 |   4719 |    305 |   1114 |   1914 |   4 | 1256.0 |
   Spider Nest |   5110 |   4941 |    169 |   1038 |   2902 |   4 | 1277.5 |
  Orcish Mines |   2150 |   1919 |    231 |    438 |    895 |   2 | 1075.0 |
   Elven Halls |   5022 |   4832 |    190 |    803 |   2836 |   3 | 1674.0 |
        Vaults |   8237 |   7768 |    469 |   1291 |   5175 |   5 | 1647.4 |
        Depths |   7345 |   6841 |    504 |   1317 |   3757 |   4 | 1836.2 |
           Zot |   6084 |   5685 |    399 |   1440 |   3108 |   5 | 1216.8 |
        Bailey |    772 |    772 |      0 |    537 |      0 |   1 |  772.0 |
       Volcano |    330 |    330 |      0 |     67 |    119 |   1 |  330.0 |
      Gauntlet |    400 |    400 |      0 |     12 |      0 |   1 |  400.0 |
               +--------+--------+--------+--------+--------+-----+--------+

Top non-repeatable levels by time:
  Lair:2: 2536 daAuts
  Lair:5: 2474 daAuts
Vaults:4: 2447 daAuts
Depths:1: 2213 daAuts
  Lair:6: 2200 daAuts
    D:11: 1992 daAuts
   Elf:3: 1991 daAuts
Spider:4: 1911 daAuts
Depths:2: 1858 daAuts
  Lair:1: 1748 daAuts
Depths:3: 1714 daAuts
   Zot:1: 1650 daAuts
Vaults:1: 1580 daAuts
    D:10: 1575 daAuts
Depths:4: 1560 daAuts
